 Dungeon Crawl Stone Soup version 0.24.0-1-gfbc8707 (webtiles) character file.

Game seed: 12678236453545920435, levelgen mode: deterministic

3893 Faca the Grappler (level 10, 0/73 HPs)
             Began as a Gnoll Wanderer on Nov 6, 2019.
             Was a Believer of Wu Jian.
             Slain by an orc warrior
             ... wielding a +0 war axe
              (18 damage)
             ... on level 10 of the Dungeon.
             The game lasted 00:20:49 (8608 turns).

Faca the Grappler (Gnoll Wanderer)                  Turns: 8608, Time: 00:20:49

Health: 0/73       AC: 17    Str: 18    XL:     10   Next: 19%
Magic:  18/18      EV:  9    Int: 17    God:    Wu Jian [**....]
Gold:   463        SH:  5    Dex: 12    Spells: 19/20 levels left

rFire    + . .     SeeInvis +     - Unarmed
rCold    . . .     Gourm    .   q - +0 buckler
rNeg     . . .     Faith    .   a - +1 chain mail
rPois    .         Spirit   .   r - +1 helmet
rElec    .         Reflect  .   x - +2 cloak {MR+}
rCorr    .         Harm     .   d - +0 pair of gloves
MR       +....                  (no boots)
Stlth    ..........             h - amulet of rage
HPRegen  0.22/turn              g - ring of protection from fire
MPRegen  0.16/turn              i - ring of see invisible

@: lightly drained
A: distributed training, fangs 1, strong nose
a: Wall Jump, Renounce Religion, Evoke Berserk Rage


You were on level 10 of the Dungeon.
You worshipped Wu Jian.
Wu Jian was pleased with you.
You were not hungry.

You visited 2 branches of the dungeon, and saw 11 of its levels.
You also visited: Ossuary.

You collected 463 gold pieces.

Inventory:

Missiles
 j - 48 poisoned darts (quivered)
 z - 2 boomerangs
Armour
 a - a +1 chain mail (worn)
 d - a +0 pair of gloves (worn)
 q - a +0 buckler (worn)
 r - a +1 helmet (worn)
 x - a +2 cloak of magic resistance (worn)
Jewellery
 g - a ring of protection from fire (left hand)
 h - an amulet of rage (around neck)
 i - a ring of see invisible (right hand)
 l - an uncursed ring of protection from cold
Wands
 s - a wand of digging (7)
Scrolls
 b - 3 scrolls of teleportation
 p - 2 scrolls of remove curse
 y - a scroll of fear
 B - 2 scrolls of blinking
 C - 2 scrolls of fog
 D - 2 scrolls of immolation
Potions
 c - a potion of might
 e - 4 potions of haste
 k - 3 potions of brilliance
 m - 2 potions of curing
 n - a potion of agility {unknown}
 o - a potion of degeneration {unknown}
 t - 2 potions of flight
 u - a potion of mutation {unknown}
 v - a potion of heal wounds
 w - a potion of lignification
 A - a potion of cancellation {unknown}
Comestibles
 f - 13 rations


   Skills:
 + Level 4.9(4.8) Fighting
 + Level 4.9(4.8) Short Blades
 + Level 4.9(4.8) Long Blades
 + Level 4.9(4.8) Axes
 + Level 4.9(4.8) Maces & Flails
 + Level 4.9(4.8) Polearms
 + Level 4.9(4.8) Staves
 + Level 4.9(4.8) Slings
 + Level 4.9(4.8) Bows
 + Level 4.9(4.8) Crossbows
 + Level 5.6(5.5) Throwing
 + Level 4.9(4.8) Armour
 + Level 4.9(4.8) Dodging
 + Level 4.9(4.8) Stealth
 + Level 4.9(4.8) Shields
 + Level 8.3(8.1) Unarmed Combat
 + Level 5.7(5.6) Spellcasting
 + Level 4.1(3.9) Conjurations
 + Level 4.1(3.9) Hexes
 + Level 4.1(3.9) Charms
 + Level 4.1(3.9) Summonings
 + Level 4.1(3.9) Necromancy
 + Level 4.6(4.5) Translocations
 + Level 4.1(3.9) Transmutations
 + Level 6.9(6.7) Fire Magic
 + Level 4.1(3.9) Ice Magic
 + Level 4.1(3.9) Air Magic
 + Level 4.1(3.9) Earth Magic
 + Level 4.1(3.9) Poison Magic
 + Level 5.4(5.3) Invocations
 + Level 5.6(5.5) Evocations


You had 19 spell levels left.
You knew the following spells:

 Your Spells              Type           Power        Failure   Level  Hunger
a - Infusion              Chrm           ###.         30%         1    None

Your spell library contained the following spells:

 Spells                   Type           Power        Failure   Level  Hunger
 Regeneration             Chrm/Necr      ###.......   67%         3    ##.....


Dungeon Overview and Level Annotations

Branches:
Dungeon (11/15)            Temple (1/1) D:5             Orc (0/2) D:10
Ossuary (visited)
   Lair: D:8-11

Altars:
Ashenzari
Gozag
Hepliaklqana
Kikubaaqudgha
Nemelex Xobeh
Vehumet
Wu Jian
Zin
The Shining One

Annotations:
D:4 1 runed translucent door, SkeletonJelly's ghost, novice GrFi


Innate Abilities, Weirdness & Mutations

Your experience applies equally to all skills.
You have very sharp teeth.
Your uncanny sense of smell can sniff out nearby items.


Message History

You spin and attack the orc warrior repeatedly.
You hit the orc warrior.
The orc warrior is lightly wounded.
You closely miss the orc warrior.
The orc warrior is lightly wounded.
The orc warrior hits you with a +0 war axe!
Things that are here:
a +0 hand axe; an orc corpse Your chain mail prevents you from hitting the orc priest.
You bite the orc priest, but do no damage.
The orc priest is severely wounded.
The orc warrior hits you with a +0 war axe!
* * * LOW HITPOINT WARNING * * *
The orc priest calls upon Beogh to heal the orc warrior.
The orc warrior's wounds heal themselves!
Your chain mail prevents you from hitting the orc priest.
Your bite misses the orc priest.
The orc priest is severely wounded.
The orc warrior hits you with a +0 war axe!!
You die...

#.....#
#..####
#..##.######
#..........
#....(....
#..###..##+#
##'###..##.#
#...........
#.o@[.......
#)o###$.##+#
#..###..#
#.......+
#....o..#
######o.# ∆
#.o# .....
o.......


You could see an orc warrior and an orc priest.

Vanquished Creatures
  Pikel (D:5)
  Prince Ribbit (D:7)
  A hippogriff (D:7)
  Sigmund (D:4)
  Eustachio (D:4)
  An orc warrior (D:6)
  2 sky beasts
  An ice beast (D:7)
  A phantom (D:7)
  A necrophage (D:5)
  2 ogres
  3 centaurs
  4 bullfrogs
  A scorpion (D:5)
  9 wights
  A howler monkey (D:5)
  2 crimson imps
  A bullfrog zombie (D:5)
  A centaur zombie (D:7)
  A centaur skeleton (D:4)
  2 hounds
  3 orc priests
  Crazy Yiuf (D:6)
  2 jellies
  Natasha (thrice) (D:4)
  3 orc wizards
  8 worker ants
  A killer bee zombie (D:4)
  2 hound zombies (Ossuary)
  A hound skeleton (D:5)
  4 mummies (Ossuary)
  A howler monkey zombie (D:5)
  7 gnolls
  6 adders
  2 shadow imps
  An ooze (D:2)
  2 adder zombies
  An adder skeleton (D:5)
  2 worms
  4 dart slugs
  3 leopard geckos
  12 orcs
  A ball python (D:5)
  3 bats
  2 giant cockroaches
  A gnoll zombie (Ossuary)
  4 hobgoblins
  6 jackals
  3 quokkas
  8 goblins
  2 goblin zombies (Ossuary)
  A hobgoblin zombie (Ossuary)
  A jackal zombie (Ossuary)
  5 kobolds
  2 kobold zombies (Ossuary)
  An orc zombie (Ossuary)
  4 rats
  A rat zombie (Ossuary)
152 creatures vanquished.

Vanquished Creatures (others)
  An orc (D:6)
1 creature vanquished.

Grand Total: 153 creatures vanquished

Notes
Turn   | Place    | Note
-------+----------+-------------------------------------------
     0 | D:1      | Faca the Gnoll Wanderer began the quest for the Orb.
     0 | D:1      | Faca set off with the following items: a +0 club, a potion
                  | of lignification, a +0 robe, 2 potions of haste, a ration;
                  | and the following spell memorised: Infusion; and the
                  | following spells available to memorise: Regeneration
     0 | D:1      | Reached XP level 1. HP: 13/13 MP: 4/4
   565 | D:1      | Reached XP level 2. HP: 17/19 MP: 5/5
   855 | D:2      | Reached XP level 3. HP: 12/25 MP: 7/7
  1022 | D:2      | Found an opulent altar of Gozag.
  1339 | D:2      | Reached skill level 1 in Invocations
  1618 | D:3      | Reached skill level 1 in Fighting
  1618 | D:3      | Reached skill level 1 in Short Blades
  1618 | D:3      | Reached skill level 1 in Long Blades
  1618 | D:3      | Reached skill level 1 in Axes
  1618 | D:3      | Reached skill level 1 in Maces & Flails
  1618 | D:3      | Reached skill level 1 in Polearms
  1618 | D:3      | Reached skill level 1 in Staves
  1618 | D:3      | Reached skill level 1 in Slings
  1618 | D:3      | Reached skill level 1 in Bows
  1618 | D:3      | Reached skill level 1 in Crossbows
  1618 | D:3      | Reached skill level 1 in Armour
  1618 | D:3      | Reached skill level 1 in Dodging
  1618 | D:3      | Reached skill level 1 in Stealth
  1618 | D:3      | Reached skill level 1 in Shields
  1634 | D:3      | Reached XP level 4. HP: 26/32 MP: 8/8
  1910 | D:3      | Reached skill level 1 in Conjurations
  1910 | D:3      | Reached skill level 1 in Hexes
  1910 | D:3      | Reached skill level 1 in Charms
  1910 | D:3      | Reached skill level 1 in Summonings
  1910 | D:3      | Reached skill level 1 in Necromancy
  1910 | D:3      | Reached skill level 1 in Transmutations
  1910 | D:3      | Reached skill level 1 in Ice Magic
  1910 | D:3      | Reached skill level 1 in Air Magic
  1910 | D:3      | Reached skill level 1 in Earth Magic
  1910 | D:3      | Reached skill level 1 in Poison Magic
  2174 | D:4      | Noticed Eustachio
  2246 | D:4      | Killed Eustachio
  2246 | D:4      | Reached XP level 5. HP: 29/38 MP: 9/9
  2246 | D:4      | Reached XP level 6. HP: 33/44 MP: 10/10
  2315 | D:4      | Noticed Natasha
  2323 | D:4      | Killed Natasha
  2356 | D:4      | Noticed Natasha
  2359 | D:4      | Killed Natasha
  2443 | D:4      | Found a hazy altar of Hepliaklqana.
  2444 | D:4      | Found a runed translucent door.
  2495 | D:4      | Noticed Natasha
  2844 | D:4      | Noticed Sigmund
  2853 | D:4      | Killed Sigmund
  2853 | D:4      | Reached skill level 7 in Unarmed Combat
  2853 | D:4      | Reached XP level 7. HP: 51/51 MP: 12/12
  2867 | D:4      | Killed Natasha
  2992 | D:4      | Found a glowing silver altar of Zin.
  2992 | D:4      | Found an ancient bone altar of Kikubaaqudgha.
  2993 | D:4      | Found a glowing golden altar of the Shining One.
  3206 | D:4      | Found an ornate altar of the Wu Jian Council.
  3479 | D:4      | Noticed SkeletonJelly's ghost (novice GrFi)
  3601 | D:4      | Became a worshipper of the Wu Jian Council
  3658 | D:4      | Reached XP level 8. HP: 32/57 MP: 12/14
  3923 | D:5      | Entered Level 5 of the Dungeon
  4108 | D:5      | Found a staircase to the Ecumenical Temple.
  4226 | Temple   | Entered the Ecumenical Temple
  4459 | D:5      | Found a radiant altar of Vehumet.
  5157 | D:5      | Reached * piety under Wu Jian
  5570 | D:6      | Found a shattered altar of Ashenzari.
  5676 | D:6      | Reached XP level 9. HP: 62/65 MP: 16/16
  5728 | D:6      | Found a runed translucent door.
  5729 | D:6      | Noticed Crazy Yiuf
  5738 | D:6      | Killed Crazy Yiuf
  6010 | D:6      | Noticed Pikel
  6291 | D:5      | Killed Pikel
  6291 | D:5      | Reached skill level 5 in Spellcasting
  6344 | D:6      | Reached skill level 5 in Throwing
  6344 | D:6      | Reached skill level 5 in Evocations
  6705 | D:7      | Found a sparkling altar of Nemelex Xobeh.
  6710 | D:7      | Reached skill level 8 in Unarmed Combat
  7039 | D:7      | Noticed Prince Ribbit
  7576 | D:7      | Killed Prince Ribbit
  7576 | D:7      | Reached skill level 5 in Invocations
  7976 | D:7      | Reached XP level 10. HP: 64/73 MP: 18/18
  8251 | D:8      | Found a sand-covered staircase.
  8256 | Ossuary  | Entered an ossuary
  8262 | Ossuary  | Reached ** piety under Wu Jian
  8551 | D:8      | You fall into a shaft and drop 3 floors!
  8555 | D:10     | Entered Level 10 of the Dungeon
  8578 | D:10     | Found a staircase to the Orcish Mines.
  8608 | D:10     | Slain by an orc warrior

Levels and vault maps discovered:
D:1:      ebering_trefoil_3fold, layout_rooms, minmay_misc_feat_alley,
          chequers_garden, minmay_curled_crystal, minmay_misc_feat_enclosed,
          hangedman_decor_push
D:2:      layout_basic, nicolae_gozag_seed_capital, kennysheep_generic_room_14
D:3:      layout_basic, st_stairs_13
D:4:      layout_rooms, gammafunk_temple_overflow_forgotten, old_standard_altar,
          lemuel_crystal_altar, serial_curves, eino_curves_04, eino_curves_04,
          eino_curves_02, ebering_ghost_sewer_d, first_ration, uniq_eustachio,
          uniq_natasha, uniq_sigmund
D:5:      layout_basic, kennysheep_mini_moat, temple_fountains
D:6:      layout_rooms, ashenzari_altar_1, uniq_crazy_yiuf_cottage, uniq_pikel
D:7:      layout_gridville, basic_altar, uniq_prince_ribbit1
D:8:      layout_cave_pods, marbit_many_paths, enter_ossuary_2, serial_shops,
          shop, the_bakery
D:10:     layout_gridville, dpeg_lair_monsters
D:11:     layout_roguey, serial_shops, nicolae_shop_crystal,
          hangedman_weighted_door
Temple:   minmay_temple_curvy_branch

Skill      XL: |  1  2  3  4  5  6  7  8  9 10 |
---------------+-------------------------------+-----
Translocations | 2 3 4 |  4.6
Invocations    | 1 2 3 4 5 |  5.4
Fighting       | 1 2 3 4 |  4.9
Short Blades   | 1 2 3 4 |  4.9
Long Blades    | 1 2 3 4 |  4.9
Axes           | 1 2 3 4 |  4.9
Maces & Flails | 1 2 3 4 |  4.9
Polearms       | 1 2 3 4 |  4.9
Staves         | 1 2 3 4 |  4.9
Slings         | 1 2 3 4 |  4.9
Bows           | 1 2 3 4 |  4.9
Crossbows      | 1 2 3 4 |  4.9
Armour         | 1 2 3 4 |  4.9
Dodging        | 1 2 3 4 |  4.9
Stealth        | 1 2 3 4 |  4.9
Shields        | 1 2 3 4 |  4.9
Spellcasting   | 3 4 5 |  5.7
Conjurations   | 1 2 3 4 |  4.1
Hexes          | 1 2 3 4 |  4.1
Charms         | 1 2 3 4 |  4.1
Summonings     | 1 2 3 4 |  4.1
Necromancy     | 1 2 3 4 |  4.1
Transmutations | 1 2 3 4 |  4.1
Ice Magic      | 1 2 3 4 |  4.1
Air Magic      | 1 2 3 4 |  4.1
Earth Magic    | 1 2 3 4 |  4.1
Poison Magic   | 1 2 3 4 |  4.1
Throwing       | 3 4 5 |  5.6
Evocations     | 3 4 5 |  5.6
Unarmed Combat | 7 8 |  8.3
Fire Magic     | 6 |  6.9

Action                   |  1- 3 |  4- 6 |  7- 9 | 10-12 || total
-------------------------+-------+-------+-------+-------++-------
Melee: Unarmed           |    92 |   138 |   576 |   146 ||   952
       Bite              |     5 |    16 |    56 |    12 ||    89
       Punch             |     2 |       |       |       ||     2
Invok: Lunge             |       |       |    25 |     7 ||    32
       Whirlwind         |       |       |     2 |     5 ||     7
 Abil: Evoke Berserk Rag |       |     1 |     1 |       ||     2
  Use: Potion            |     1 |       |     2 |       ||     3
       Scroll            |     6 |       |     3 |     3 ||    12
  Eat: Chunk             |     2 |     4 |    12 |       ||    18
       Ration            |       |       |     2 |     1 ||     3
Armor: Chain mail        |    49 |   152 |   249 |    92 ||   542
       Robe              |     1 |       |       |       ||     1
Dodge: Dodged            |    35 |    74 |   188 |    78 ||   375
Block: Buckler           |       |    19 |   105 |    34 ||   158
